 Dungeon Crawl Stone Soup version 0.23.1 (webtiles) character file.

Game seed: 17649368822843349334

489 Borgoz the Ruffian (level 7, -13/59 HPs)
             Began as a Ghoul Monk on Mar 8, 2019.
             Mangled by an ogre
             ... wielding a +0 giant club
              (23 damage)
             ... on level 4 of the Dungeon.
             The game lasted 00:06:12 (3871 turns).

Borgoz the Ruffian (Ghoul Monk)                     Turns: 3871, Time: 00:06:13

Health: -13/59     AC:  2    Str: 15    XL:     7   Next: 14%
Magic:  6/6        EV: 14    Int:  7    God:
Gold:   209        SH:  0    Dex: 14    Spells: 6/6 levels left

rFire    . . .     SeeInvis .     - Unarmed
rCold    + . .     Gourm    .   (no shield)
rNeg     + + +     Faith    .   a - +0 robe
rPois    ∞         Spirit   .   (no helmet)
rElec    .         Reflect  .   (no cloak)
rCorr    .         Harm     .   (no gloves)
MR       .....                  (no boots)
Stlth    ++........             (no amulet)
HPRegen  0.00/turn              m - +3 ring of dexterity
MPRegen  0.10/turn              (no ring)

@: rotting
A: rotting body, claws 1, carnivore, cold resistance 1, negative energy
resistance 3, inhibited regeneration, torment resistance, unbreathing
a: no special abilities


You were on level 4 of the Dungeon.
You were not hungry.

You visited 1 branch of the dungeon, and saw 4 of its levels.

You collected 209 gold pieces.

Inventory:

Hand Weapons
 b - a +0 blowgun
Missiles
 d - 2 exploding tomahawks (quivered)
 i - 41 poisoned needles
 q - 2 tomahawks
 r - 7 javelins
Armour
 a - a +0 robe (worn)
Jewellery
 l - an uncursed amulet of faith
 m - a +3 ring of dexterity (left claw)
Wands
 c - a wand of polymorph (6)
Scrolls
 f - 3 scrolls of identify {unknown}
 g - a scroll of enchant weapon {unknown}
 h - a scroll of amnesia
 p - a scroll of enchant armour {unknown}
Potions
 e - a potion of haste {unknown}
 j - 6 potions of curing
 k - a potion of flight {unknown}
Comestibles
 n - a chunk of flesh
 o - 9 rations


   Skills:
 + Level 4.2 Fighting
 + Level 4.3 Dodging
 - Level 2.1 Stealth
 + Level 7.1 Unarmed Combat


You had 6 spell levels left.
You didn't know any spells.
Your spell library was empty.

Dungeon Overview and Level Annotations

Branches:
Dungeon (4/15)
 Temple: D:4-7

Altars:
Fedhas
Uskayaw
Yredelemnul

Annotations:
D:3 exclusion: oklob plant


Innate Abilities, Weirdness & Mutations

Your body is rotting away.
You thrive on raw meat.
You are immune to poison.
You have sharp fingernails.
You are carnivorous and can eat meat at any time.
Your flesh is cold resistant. (rC+)
You are immune to negative energy. (rN+++)
You do not regenerate when monsters are visible.
You are immune to unholy pain and torment.
You can survive without breathing.


Message History

The ogre hits you with a +0 giant club!!
You are too injured to fight recklessly!
You are too injured to fight recklessly!
You are too injured to fight recklessly!
You barely miss the ogre.
The ogre is lightly wounded.
You barely miss the ogre.
The ogre is lightly wounded.
The ogre closely misses you.
You scratch the ogre.
The ogre is moderately wounded.
The ogre hits you with a +0 giant club!
* * * LOW HITPOINT WARNING * * *
The orc shouts!
You scratch the ogre.
The ogre is heavily wounded.
You claw the ogre!
The ogre is severely wounded.
The ogre hits you with a +0 giant club!!
You die...

.......<)#
####..(.###. #(......
.. #. #......##..
..####?......o..
#.(..........
###..........###
#........O....##.....
?........@...........
....................
###................#
#..................
..#...............#..
.....................#
#..........)........#
##.....###...........
#.#...###...†.....##


You could see an ogre and an orc.

Vanquished Creatures
  A human (D:3)
  2 orc priests (D:3)
  Jessica (D:2)
  Natasha (thrice) (D:2)
  4 adders
  3 gnolls (D:3)
  A shadow imp (D:3)
  4 worms
  A dart slug (D:1)
  2 leopard geckos (D:3)
  9 orcs
  5 ball pythons
  4 giant cockroaches
  11 goblins
  11 hobgoblins
  16 kobolds
  2 quokkas
  10 bats
  3 frilled lizards
  A jackal skeleton (D:4)
  11 rats
105 creatures vanquished.

Vanquished Creatures (others)
  9 toadstools (D:3)
9 creatures vanquished.

Grand Total: 114 creatures vanquished

Notes
Turn   | Place    | Note
-------+----------+-------------------------------------------
     0 | D:1      | Borgoz the Ghoul Monk began the quest for the Orb.
     0 | D:1      | Reached XP level 1. HP: 19/19 MP: 0/0
   168 | D:1      | Reached XP level 2. HP: 20/26 MP: 1/1
   830 | D:1      | Reached XP level 3. HP: 32/32 MP: 2/2
   964 | D:1      | Reached skill level 4 in Unarmed Combat
  1347 | D:2      | HP: 1/33 [worm (9)]
  1729 | D:2      | Noticed Natasha
  1736 | D:2      | Killed Natasha
  1736 | D:2      | Reached XP level 4. HP: 23/40 MP: 3/3
  1741 | D:2      | Noticed Natasha
  1758 | D:2      | Killed Natasha
  2253 | D:2      | Noticed Natasha
  2270 | D:2      | Killed Natasha
  2270 | D:2      | Reached skill level 5 in Unarmed Combat
  2270 | D:2      | Reached XP level 5. HP: 25/45 MP: 4/4
  2364 | D:2      | Noticed Jessica
  2377 | D:2      | Killed Jessica
  2767 | D:3      | Reached XP level 6. HP: 42/51 MP: 5/5
  2832 | D:3      | Found a hide-covered altar of Uskayaw.
  2871 | D:3      | Reached skill level 6 in Unarmed Combat
  3341 | D:3      | Found a runed translucent door.
  3341 | D:3      | Noticed a human
  3370 | D:3      | Found a basalt altar of Yredelemnul.
  3384 | D:3      | Killed a human
  3384 | D:3      | Reached XP level 7. HP: 46/59 MP: 6/6
  3606 | D:3      | Found a blossoming altar of Fedhas.
  3628 | D:3      | Noticed an oklob plant
  3721 | D:3      | Reached skill level 7 in Unarmed Combat
  3871 | D:4      | Mangled by an ogre

Skill      XL: |  1  2  3  4  5  6  7 |
---------------+----------------------+-----
Dodging        | 3 4 |  4.3
Unarmed Combat | 4 5 6 7 |  7.1
Fighting       | 4 |  4.2
Stealth        | |  2.1

Action                   |  1- 3 |  4- 6 |  7- 9 || total
-------------------------+-------+-------+-------++-------
Melee: Unarmed           |   132 |   184 |    37 ||   353
       Punch             |     2 |     2 |     2 ||     6
  Use: Scroll            |       |     5 |       ||     5
       Potion            |       |     3 |       ||     3
 Stab: Sleeping          |     3 |     4 |       ||     7
  Eat: Chunk             |     5 |    25 |     6 ||    36
       Ration            |       |     1 |       ||     1
Armor: Robe              |    23 |    17 |     2 ||    42
Dodge: Dodged            |    83 |   117 |    22 ||   222
